 Dungeon Crawl Stone Soup version 0.31-a0-667-g39726597b9 (webtiles) character file.

Game seed: 9422882026308460387

925 Xavori the Sneak (level 8, 0/54 HPs)
             Began as an Octopode Chaos Knight on Sept 4, 2023.
             Was a Plaything of Xom.
             Slain by a gnoll
             ... wielding a +2 heavy halberd
              (19 damage)
             ... on level 5 of the Dungeon.
             The game lasted 00:05:12 (11848 turns).

Xavori the Sneak (Octopode Chaos Knight)           Turns: 11848, Time: 00:05:12

Health: 0/54       AC:  3    Str: 16    XL:     8   Next: 10%
Magic:  8/8        EV: 14    Int: 19    God:    Xom [..*...]
Gold:   935        SH:  0    Dex: 17    Spells: 7/7 levels left

rFire   . . .        w - +8 long sword of the Valley of Death {drain, rElec rC- Int+7}
rCold   . . .        (no shield)
rNeg    . . .        (helmet restricted)
rPois   +            (no amulet)
rElec   +            f - +6 ring of strength
rCorr   .            k - ring of poison resistance
SInv    .            (no ring)
Will    .....        (no ring)
Stlth   ++++         (no ring)
HPRegen 0.29/turn    (no ring)
MPRegen 0.11/turn    (no ring)
                     (no ring)

%: no passive effects
@: no status effects
A: almost no armour, amphibious, 8 rings, camouflage 1, gelatinous body 1,
(nimble swimmer 1), tentacles, iridescent scales 1, agile 1, cold resistance 1,
dopey 1, mutation resistance 1, screaming 1, wild magic 1
a: Renounce Religion


You were on level 5 of the Dungeon.
You worshipped Xom.
You were a toy of Xom.
You visited 1 branch of the dungeon, and saw 5 of its levels.

You collected 1139 gold pieces.
You spent 204 gold pieces at shops.

Inventory:

Hand Weapons
 a - a +0 short sword of chaos
 w - the +8 long sword of the Valley of Death (weapon) {drain, rElec rC- Int+7}
   (You bought it in a shop on level 4 of the Dungeon)

   Int+7:     It affects your intelligence (+7).
   rC-:       It makes you vulnerable to cold.
   rElec:     It insulates you from electricity.
Jewellery
 f - a +6 ring of strength (left tentacle)
 k - a ring of poison resistance (right tentacle)
 A - a ring of positive energy
Talismans
 u - a maw talisman
Wands
 y - a wand of paralysis (11)
Scrolls
 b - a scroll of butterflies
 g - 2 scrolls of identify {unknown}
 h - a scroll of revelation {unknown}
 i - 2 scrolls of noise {unknown}
 j - 2 scrolls of blinking {unknown}
 l - 2 scrolls of vulnerability {unknown}
 o - a scroll of amnesia
 p - a scroll of immolation {unknown}
 t - a scroll of acquirement {unknown}
 v - a scroll of enchant armour {unknown}
Potions
 c - 2 potions of berserk rage {unknown}
 d - a potion of heal wounds {unknown}
 e - 2 potions of enlightenment {unknown}
 m - a potion of cancellation {unknown}
 q - a potion of attraction
 r - 2 potions of ambrosia {unknown}
 s - a potion of curing {unknown}
 x - 2 potions of resistance {unknown}
 z - a potion of magic {unknown}
Miscellaneous
 n - a phial of floods


   Skills:
 + Level 4.1 Fighting
 * Level 5.2(5.5) Short Blades
 + Level 2.9(4.4) Long Blades
 + Level 3.4 Dodging
 + Level 6.1 Stealth
 * Level 3.2 Evocations
 * Level 2.1 Shapeshifting


You had 7 spell levels left.
You didn't know any spells.
Your spell library was empty.

Dungeon Overview and Level Annotations

Branches:
Dungeon (5/15)
 Temple: D:4-7

Altars:
Ashenzari
Okawaru
Qazlal
Wu Jian
Xom
The Shining One

Shops:
D:2 (   D:4 (


Innate Abilities, Weirdness & Mutations

You cannot wear most types of armour.
You are amphibious.
You can wear up to eight rings at the same time.
Your skin changes colour to match your surroundings (Stealth+).
Your rubbery body absorbs attacks. (AC +1, EV +1)
((You are camouflaged when in or above water. (Stealth+)))
You have tentacles for arms and can constrict up to eight enemies at once.
You are partially covered in iridescent scales. (AC +2)
You are agile. (Dex +4, Str/Int -1)
Your flesh is cold resistant. (rC+)
You are dopey. (Int -2)
You are somewhat resistant to further mutation.
You occasionally shout uncontrollably at your foes.
Your spells are a little harder to cast, but a little more powerful.


Message History

You constrict the scorpion. The scorpion stings you.
The scorpion barely misses you.
You hit the scorpion.
You kill the scorpion!
No target in view!
No target in view!
You see here an orb of mayhem.
A gnoll comes into view. It is wielding a +0 flail.
A gnoll is nearby!
A gnoll is nearby!
A gnoll is nearby! 2 gnolls come into view.
A gnoll is wielding a +2 heavy halberd.
The helpless gnoll fails to defend itself.
You slice the gnoll!!
You kill the gnoll!
You yell at the gnoll!
A gnoll comes into view. It is wielding a +0 whip.
The gnoll shouts!
You are now a toy of Xom.
Xom's power touches on a nearby monster.
The gnoll flickers and vanishes!
Deactivating autopickup; reactivate with Ctrl-A.
You hear a shout!
The gnoll shouts!
You hear two shouts!
You hear a shout! x2
You hear an angry hiss.
You hear a shout! x4
You see here a +0 flail.
The gnoll hits you with a +0 spear. Something hits you!!
Ouch! That really hurt!
You are too injured to fight recklessly!
You are too injured to fight recklessly!
You are too injured to fight recklessly!
You barely miss the gnoll. You grab the gnoll. You squeeze the gnoll.
The gnoll is moderately wounded.
You constrict the gnoll. The gnoll hits you with a +0 spear.
Something barely misses you.
You slash the gnoll!
You kill the gnoll!
An iguana comes into view.
The iguana hisses angrily.
Something hits you!!
You die...

. #.#............#
.##.#.............
..#...†..........#
#..#.......... #.#
##.#..#...##.# #g#
...........#.# #.#
...........[.# #)# .
.............# #.# ...
.............###@#.....
........................
.............###.##.....
................... ....
....................####
....................#
........<:..........#
..##..#####.....l..##
.##...# #........#


You could see an iguana and a gnoll.

Vanquished Creatures
  Menkaure (D:4)
  A black bear (D:5)
  2 sky beasts
  A phantom (D:5)
  2 scorpions
  Dowan (D:4)
  Crazy Yiuf (D:4)
  An orc priest (D:4)
  2 iguanas
  2 gnolls (D:5)
  7 adders
  A worm (D:5)
  4 dart slugs
  6 orcs
  10 endoplasms
  3 giant cockroaches (D:1)
  7 goblins
  7 hobgoblins
  3 jackals (D:4)
  7 kobolds
  3 quokkas
  9 ball pythons
  6 bats
  3 frilled lizards
  3 rats
93 creatures vanquished.

Notes
Turn   | Place    | Note
-------+----------+-------------------------------------------
     0 | D:1      | Xavori the Octopode Chaos Knight began the quest for the
                  | Orb.
     0 | D:1      | Reached XP level 1. HP: 16/16 MP: 1/1
   116 | D:1      | XOM: divination: detect items
   139 | D:1      | Reached XP level 2. HP: 17/21 MP: 2/2
   171 | D:1      | XOM: silly message
   184 | D:1      | XOM: silly message
   188 | D:1      | XOM: silly message
   446 | D:1      | XOM: divination: detect items
   636 | D:1      | Reached XP level 3. HP: 26/26 MP: 3/3
   853 | D:1      | XOM: noise
  1586 | D:1      | XOM: silly message
  1617 | D:1      | XOM: silly message
  1715 | D:1      | XOM: summons 3 hostile shadow creatures
  1721 | D:2      | Reached skill level 1 in Stealth
  2068 | D:1      | XOM: draining
  3339 | D:1      | XOM is BORED!
  3339 | D:1      | XOM: summons 2 hostile shadow creatures
  3424 | D:2      | XOM: stat loss: -1 Dex (12/13)
  4070 | D:1      | XOM: summons 2 hostile demons
  4104 | D:2      | XOM: summons 1 hostile shadow creature
  4109 | D:2      | HP: 1/22 [endoplasm[Xom] (2)]
  4168 | D:2      | XOM: divination: magic mapping
  4691 | D:1      | XOM: noise
  4754 | D:1      | XOM: give mutations
  4754 | D:1      | Gained mutation: Your body sometimes deteriorates upon
                  | taking damage. [Xom's mischief]
  4754 | D:1      | Gained mutation: You occasionally shout uncontrollably at
                  | your foes. [Xom's mischief]
  4754 | D:1      | Gained mutation: You are partially covered in iridescent
                  | scales. (AC +2) [Xom's mischief]
  4754 | D:1      | Gained mutation: You do not regenerate when monsters are
                  | visible. [Xom's mischief]
  5082 | D:1      | XOM: god gift: pink potion {god gift}
  5697 | D:1      | XOM: give mutations
  5697 | D:1      | Gained mutation: You are agile. (Dex +4, Str/Int -1) [Xom's
                  | grace]
  5697 | D:1      | Gained mutation: You are somewhat resistant to further
                  | mutation. [Xom's grace]
  5897 | D:1      | XOM: silly message
  5923 | D:1      | XOM: stat loss: -1 Dex (15/17)
  6020 | D:1      | XOM is BORED!
  6020 | D:1      | XOM: give mutations
  6020 | D:1      | Gained mutation: You are dopey. (Int -2) [Xom's mischief]
  6020 | D:1      | Gained mutation: Your magical capacity is low. (-10% MP)
                  | [Xom's mischief]
  6340 | D:1      | XOM: 4-stop teleportation journey
  6404 | D:1      | XOM: scenery: create altars
  6406 | D:1      | XOM: god gift: scroll labelled OZUAK XASSUFRU {god gift}
  7817 | D:1      | XOM: god gift: ring mail {god gift}
  7913 | D:1      | XOM: noise
  8800 | D:1      | XOM: god gift: 931 gold pieces
  8988 | D:2      | XOM: give mutations
  8988 | D:2      | Lost mutation: Your magical capacity is low. (-10% MP)
                  | [Xom's mischief]
  8988 | D:2      | Lost mutation: Your body sometimes deteriorates upon taking
                  | damage. [Xom's mischief]
  8988 | D:2      | Lost mutation: You do not regenerate when monsters are
                  | visible. [Xom's mischief]
  9028 | D:2      | Found Edial's Weapon Emporium.
  9055 | D:2      | Reached skill level 2 in Stealth
  9251 | D:2      | XOM: god gift: phial of floods
  9515 | D:2      | Reached XP level 4. HP: 29/30 MP: 4/4
  9538 | D:2      | Found a faded altar of an unknown god.
  9646 | D:3      | XOM: 2-stop teleportation journey
  9732 | D:3      | Reached skill level 3 in Stealth
  9858 | D:3      | XOM: 4-stop teleportation journey
 10203 | D:4      | XOM: noise
 10223 | D:4      | Noticed Duvessa
 10227 | D:4      | Identified the +1 robe "Opusug" {rN+ rCorr Str-2 Slay+6}
 10227 | D:4      | Noticed Dowan
 10234 | D:4      | Noticed Menkaure
 10458 | D:4      | Found Nehym's Antique Weapon Shoppe.
 10463 | D:4      | Noticed a scorpion
 10472 | D:4      | Killed a scorpion
 10473 | D:4      | Reached skill level 4 in Stealth
 10473 | D:4      | Reached skill level 1 in Evocations
 10473 | D:4      | Reached XP level 5. HP: 36/37 MP: 5/5
 10568 | D:4      | Bought a glimmering long sword for 204 gold pieces
 10568 | D:4      | Identified the +8 long sword of the Valley of Death {drain,
                  | rElec rC- Int+7} (You bought it in a shop on level 4 of the
                  | Dungeon)
 10682 | D:4      | Found a runed translucent door.
 10683 | D:4      | Noticed Crazy Yiuf
 10707 | D:4      | Reached XP level 6. HP: 43/43 MP: 6/6
 10715 | D:4      | XOM: noise
 10717 | D:4      | Reached skill level 5 in Stealth
 10786 | D:4      | Found a glowing golden altar of the Shining One.
 10793 | D:4      | Found an iron altar of Okawaru.
 10812 | D:4      | Found an ornate altar of the Wu Jian Council.
 10812 | D:4      | Found a broken altar of Ashenzari.
 10819 | D:4      | Found a shimmering altar of Xom.
 10944 | D:4      | Duvessa changed into Duvessa the sky beast
 10944 | D:4      | Noticed Duvessa
 10944 | D:4      | XOM: polymorph Duvessa -> Duvessa the sky beast
 10947 | D:4      | Killed Duvessa the sky beast
 10955 | D:4      | Found a stormy altar of Qazlal.
 10961 | D:4      | Killed Menkaure
 10962 | D:4      | Reached skill level 1 in Long Blades
 10962 | D:4      | Reached skill level 1 in Shapeshifting
 10962 | D:4      | Reached XP level 7. HP: 7/47 MP: 7/7
 11279 | D:4      | Killed Dowan
 11331 | D:3      | XOM: give mutations
 11331 | D:3      | Gained mutation: Your spells are a little harder to cast,
                  | but a little more powerful. [Xom's grace]
 11331 | D:3      | Gained mutation: Your flesh is cold resistant. (rC+) [Xom's
                  | grace]
 11528 | D:4      | XOM: divination: magic mapping
 11560 | D:4      | Killed Crazy Yiuf
 11751 | D:5      | Entered Level 5 of the Dungeon
 11772 | D:5      | XOM: blink monster(s)
 11783 | D:5      | XOM: enchant monster (good)
 11786 | D:5      | Reached skill level 5 in Short Blades
 11789 | D:5      | Reached skill level 6 in Stealth
 11808 | D:5      | Reached XP level 8. HP: 54/54 MP: 8/8
 11844 | D:5      | XOM: enchant monster (bad)
 11848 | D:5      | Slain by a gnoll

Illustrated notes

Levels and vault maps discovered:
D:1:      dpeg_arrival_lava_altar, layout_loops_ring, minmay_misc_feat_rugged,
          minmay_misc_feat_square, minmay_split_cup_small
D:2:      layout_basic, hellmonk_ecumenical_altar_leap_of_faith, serial_shops,
          shop, kennysheep_generic_room_9
D:3:      layout_basic, serial_rivers, chequers_serial_rivers_marsh,
          chequers_serial_rivers_micro_b, chequers_serial_rivers_large_b,
          chequers_serial_rivers_micro_d
D:4:      layout_cave_pools, nicolae_overflow_hallway_of_the_gods,
          lemuel_tele_altar, serial_shops, shop, minmay_goblin_kobold_house,
          uniq_duvessa, uniq_menkaure, uniq_crazy_yiuf_cottage
D:5:      layout_rooms, uniq_eustachio

Skill      XL: |  1  2  3  4  5  6  7 |
---------------+----------------------+-----
Stealth        | 2 4 5 6 |  6.1
Short Blades   | 4 5 |  5.2
Evocations     | 1 2 3 |  3.2
Dodging        | 3 |  3.4
Long Blades    | 1 2 |  2.9
Shapeshifting  | 1 2 |  2.1
Fighting       | 4 |  4.1

Action                     |  1- 3 |  4- 6 |  7- 9 || total
---------------------------+-------+-------+-------++-------
  Melee: Short sword       |    76 |    55 |       ||   131
         Constrict         |    17 |    21 |     5 ||    43
         Tentacles         |    14 |    23 |     7 ||    44
         Punch             |       |     2 |       ||     2
         Long sword        |       |    18 |    28 ||    46
    Use: Scroll            |     1 |       |       ||     1
         Potion            |     1 |       |       ||     1
   Stab: Sleeping          |    14 |     3 |     3 ||    20
         Distracted        |       |     3 |       ||     3
         Petrifying        |       |     1 |       ||     1
         Paralysed         |       |       |     2 ||     2
 Armour: Skin              |    43 |    22 |    17 ||    82
  Dodge: Dodged            |    47 |    40 |    16 ||   103

Table legend: (Time is in decaauts)
 A = Elapsed time spent in this place.
 B = Non-inter-level travel time spent in this place.
 C = Inter-level travel time spent in this place.
 D = Time resting spent in this place.
 E = Time spent auto-exploring this place.
 F = Levels seen in this place.
 G = Mean time per level.
                   A        B        C        D        E       F      G
               +--------+--------+--------+--------+--------+-----+--------+
         Total |  11842 |  11692 |    150 |   8722 |   2314 |   5 | 2368.4 |
       Dungeon |  11842 |  11692 |    150 |   8722 |   2314 |   5 | 2368.4 |
               +--------+--------+--------+--------+--------+-----+--------+

Top non-repeatable levels by time:
     D:1: 8064 daAuts
     D:2: 1487 daAuts
     D:3: 1226 daAuts
     D:4: 964 daAuts
     D:5: 100 daAuts
